[Event "Titled Tuesday Blitz January 31 Late 2023"]
[White "Korchmar, Vasiliy"]
[Black "Kraus, Tomas"]
[WhiteFideId "24131750"]
[BlackFideId "331708"]
[WhiteElo "2438"]
[BlackElo "2473"]
[Result "1-0"]
[Round "04"]
[TimeControl "180+2"]
[Date "2023.01.31"]
[WhiteClock "0:01:30"]
[BlackClock "0:01:33"]

1. e4 c5 2. Nf3 d6 3. d4 cxd4 4. Nxd4 Nf6 5. Nc3 a6 6. Be2 e5 7. Nb3 Be7 8. O-O O-O 9. Be3 Be6 10. Nd5 Nxd5 11. exd5 Bf5 12. a4 Nd7 13. a5 Rc8 14. c4 Bg5 15. Qd2 Bxe3 16. Qxe3 h6 17. Nd2 Qg5 18. Qxg5 hxg5 19. b4 e4 20. Rfc1 Rc7 21. Nf1 Bg6 22. g4 Rfc8 23. Ne3 Ne5 24. Rc3 Bh7 25. Rac1 g6 26. c5 f5 27. c6 f4 28. cxb7 1-0


[Site "https://www.chess.com"]

[Event "Titled Tuesday Blitz January 31 Late 2023"]
[White "Vasques, Antonio Pedro Freixial"]
[Black "Aldokhin, Ivan"]
[WhiteFideId "1908332"]
[BlackFideId "24115720"]
[WhiteElo "2214"]
[BlackElo "2413"]
[Result "0-1"]
[Round "04"]
[TimeControl "180+2"]
[Date "2023.01.31"]
[WhiteClock "0:00:53"]
[BlackClock "0:01:46"]

1. e4 c5 2. Nf3 e6 3. d4 cxd4 4. Nxd4 a6 5. c4 Qc7 6. Nc3 Nf6 7. a3 d6 8. Be3 Be7 9. f3 O-O 10. Be2 b6 11. O-O Bb7 12. Qd2 Nbd7 13. Rfc1 Rac8 14. b4 Qb8 15. Bf1 Bd8 16. Nb3 Bc7 17. g3 Ne5 18. Qf2 d5 19. cxd5 exd5 20. exd5 Nxd5 21. Nxd5 Bxd5 22. Nd4 Qb7 23. Bg2 Nd3 24. Qd2 Nxc1 25. Rxc1 Be5 26. Nf5 Rxc1+ 27. Qxc1 Bxf3 28. Bf1 Qe4 29. Nh4 Bg4 30. Bg2 Qd3 31. Bf1 Qd5 32. Qd2 Qxd2 33. Bxd2 Rd8 34. Be3 Rd1 35. Kf2 b5 36. Ng2 Ra1 0-1


[Site "https://www.chess.com"]

[Event "Titled Tuesday Blitz January 31 Late 2023"]
[White "Kourkoulos-Arditis, Stamatis"]
[Black "Sai Han Thiha"]
[WhiteFideId "4221990"]
[BlackFideId "13012290"]
[WhiteElo "2539"]
[BlackElo "2070"]
[Result "1-0"]
[Round "04"]
[TimeControl "180+2"]
[Date "2023.01.31"]
[WhiteClock "0:00:13"]
[BlackClock "0:00:02"]

1. e4 c6 2. d4 d5 3. exd5 cxd5 4. c4 Nf6 5. Nf3 e6 6. Nc3 Bb4 7. Bd3 dxc4 8. Bxc4 O-O 9. O-O b6 10. Bg5 Bb7 11. Qe2 Nbd7 12. Ne5 Rc8 13. Rad1 Qc7 14. Nb5 Qb8 15. Bf4 Qa8 16. a3 Be7 17. Nxf7 Rxf7 18. Bxe6 Bxg2 19. Bxf7+ Kxf7 20. Rfe1 Be4 21. f3 Rc2 22. Rd2 Rxd2 23. Bxd2 a6 24. Nc3 Bxf3 25. Qxe7+ Kg8 26. Qe6+ Kh8 27. d5 h5 28. Qf5 Bg4 29. Qd3 Nc5 30. Qg3 Qd8 31. d6 b5 32. Re7 a5 33. Bg5 b4 34. Bxf6 gxf6 35. Qf4 Qf8 36. Nd5 Nb7 37. Qxf6+ Qxf6 38. Nxf6 Nxd6 39. Rh7# 1-0


[Site "https://www.chess.com"]

[Event "Titled Tuesday Blitz January 31 Late 2023"]
[White "Machidon, Cristi"]
[Black "Gonzalez, Francisco Silva"]
[WhiteFideId "13904590"]
[BlackFideId "1512285"]
[WhiteElo "2301"]
[BlackElo "2021"]
[Result "0-1"]
[Round "04"]
[TimeControl "180+2"]
[Date "2023.01.31"]
[WhiteClock "0:00:06"]
[BlackClock "0:00:57"]

1. c4 e6 2. Nc3 d5 3. cxd5 exd5 4. d4 a6 5. Nf3 Nf6 6. Bg5 Be6 7. Qb3 b5 8. Bxf6 Qxf6 9. a4 b4 10. Nxd5 Qd8 11. e4 c6 12. Bc4 cxd5 13. exd5 Bg4 14. Ne5 Bh5 15. d6 Ra7 16. g4 Bg6 17. Qe3 Be7 18. dxe7 Rxe7 19. f4 f6 20. f5 fxe5 21. dxe5 Qc7 22. Be6 Rxe6 23. fxe6 O-O 24. Rf1 Rxf1+ 25. Kxf1 Qc4+ 26. Kf2 Qxe6 27. Rd1 Nd7 28. Rd6 Qxg4 29. e6 Qh4+ 30. Qg3 Qf6+ 31. Kg1 Nf8 32. Qf2 Qg5+ 33. Kf1 Bf5 34. e7 Bh3+ 0-1


[Site "https://www.chess.com"]

[Event "Titled Tuesday Blitz January 31 Late 2023"]
[White "Mazurkiewicz, Michal"]
[Black "Al-Tarboush, Ward"]
[WhiteFideId "1124943"]
[BlackFideId "7601450"]
[WhiteElo "2145"]
[BlackElo "2256"]
[Result "0-1"]
[Round "04"]
[TimeControl "180+2"]
[Date "2023.01.31"]
[WhiteClock "0:00:01"]
[BlackClock "0:01:17"]

1. e4 c5 2. Nf3 Nc6 3. g3 e5 4. Bg2 d6 5. d3 Nf6 6. O-O Be7 7. Re1 O-O 8. c3 Be6 9. d4 cxd4 10. cxd4 exd4 11. Nxd4 Nxd4 12. Qxd4 d5 13. e5 Ne4 14. Bxe4 dxe4 15. Qxe4 Bd5 16. Qe2 Qd7 17. Nc3 Bc6 18. Be3 Qh3 19. f4 Rad8 20. Rad1 h5 21. Rxd8 Rxd8 22. Rd1 Rxd1+ 23. Nxd1 h4 24. Qf2 Qg4 25. Nc3 Bb4 26. Bd4 Bxc3 27. Bxc3 hxg3 28. Qxg3 Qd1+ 29. Kf2 Qc2+ 30. Ke3 Bb5 31. Kd4 Qd1+ 32. Kc5 Bc6 33. a4 Qxa4 34. e6 Qb5+ 35. Kd4 Qd5+ 36. Ke3 Qxe6+ 37. Kd2 f6 38. Kc1 Ba4 39. h4 Qd5 40. Qe1 Qd3 41. Qd2 Qf1+ 42. Qe1 Qxf4+ 43. Qd2 Qf1+ 44. Qe1 Qf4+ 45. Qd2 Qxh4 46. Qd8+ Kh7 47. Qd3+ g6 48. Qd4 Qh1+ 49. Kd2 Qd1+ 50. Ke3 Qc1+ 51. Bd2 Qg1+ 52. Kd3 Bb5+ 53. Kc3 Qg3+ 54. Be3 Qe1+ 55. Bd2 Qg3+ 56. Be3 Qc7+ 57. Kd2 Qd7 58. Qxd7+ Bxd7 59. Bxa7 g5 60. Bf2 Kg6 61. Ke3 f5 62. Kd4 f4 63. Ke5 Bc6 64. b4 Kh5 65. Kf5 Bd7+ 66. Ke4 Kg4 67. Kd5 Bc6+ 68. Kd6 Kf3 69. Be1 g4 70. Kc5 g3 71. b5 g2 72. bxc6 bxc6 73. Bf2 Kxf2 0-1


[Site "https://www.chess.com"]

[Event "Titled Tuesday Blitz January 31 Late 2023"]
[White "Can, Melih Kaan"]
[Black "Toncheva, Nadya"]
[WhiteFideId "6317383"]
[BlackFideId "2924056"]
[WhiteElo "2069"]
[BlackElo "2295"]
[Result "1-0"]
[Round "04"]
[TimeControl "180+2"]
[Date "2023.01.31"]
[WhiteClock "0:00:11"]
[BlackClock "0:00:04"]

1. d4 d5 2. c4 dxc4 3. Qa4+ c6 4. Qxc4 Nf6 5. g3 Be6 6. Qd3 Bd5 7. Nf3 Be4 8. Qb3 Qb6 9. Nc3 Bxf3 10. exf3 Qxb3 11. axb3 e6 12. Bg2 Nbd7 13. O-O Be7 14. Bd2 O-O 15. Ne4 Nd5 16. Rfc1 Rfd8 17. f4 a6 18. Nc5 Nxc5 19. dxc5 Bf6 20. Rc2 Rd7 21. Ba5 Ne7 22. Be4 g6 23. Kg2 Nf5 24. Bc3 Kg7 25. b4 Rad8 26. Re1 Nd4 27. Rd2 Nb3 28. Rxd7 Rxd7 29. Bc2 Nd4 30. Rd1 Rd5 31. Be4 Rd8 32. Rd3 Kf8 33. g4 Ke7 34. g5 Bg7 35. h4 Rd7 36. h5 Nf5 37. Rxd7+ Kxd7 38. Bxf5 Bxc3 39. Bxe6+ Kxe6 40. bxc3 gxh5 41. Kf3 Kf5 42. Kg3 h4+ 43. Kxh4 Kxf4 44. Kh5 Kf3 45. Kh6 Kxf2 46. Kxh7 Kf3 47. Kg7 Kf4 48. Kxf7 Kxg5 49. Ke7 Kf5 50. Kd7 Ke5 51. Kc7 Kd5 52. Kxb7 a5 53. bxa5 Kxc5 54. a6 Kb5 55. a7 c5 56. a8=Q Kc4 57. Kc6 Kxc3 58. Kxc5 1-0


[Site "https://www.chess.com"]

[Event "Titled Tuesday Blitz January 31 Late 2023"]
[White "TheKnightOfBosnia"]
[Black "Freile Martin, Javier"]
[BlackFideId "3600165"]
[WhiteElo "2502"]
[BlackElo "2329"]
[Result "0-1"]
[Round "04"]
[TimeControl "180+2"]
[Date "2023.01.31"]
[WhiteClock "0:00:04"]
[BlackClock "0:00:15"]

1. e4 c5 2. Nf3 d6 3. Bb5+ Nd7 4. d4 cxd4 5. Qxd4 Nf6 6. Nc3 e6 7. Bg5 Be7 8. Rd1 O-O 9. Bxd7 Bxd7 10. Bxf6 gxf6 11. O-O Bc6 12. Rfe1 Qa5 13. Nd5 Bxd5 14. exd5 e5 15. Qg4+ Kh8 16. Qf5 Rg8 17. Re4 Rg6 18. Nh4 Rg5 19. Qh3 Rag8 20. g3 Qc7 21. c3 f5 22. Nxf5 Qd7 23. Rh4 Qxf5 24. Qxf5 Rxf5 25. Rc4 Bd8 26. Kg2 Bb6 27. f3 h5 28. a4 Rg6 29. b4 Rgf6 30. Rd3 e4 31. Rxe4 Kg7 32. a5 Bc7 33. Re7 Bd8 34. Rd7 Bxa5 35. bxa5 Re5 36. Kf2 h4 37. Rxb7 hxg3+ 38. hxg3 Rh6 39. f4 Rh2+ 40. Kf3 Ree2 41. Rxa7 Kg6 42. Rd7 f5 43. Rxd6+ Kh5 44. g4+ fxg4+ 45. Kg3 Reg2# 0-1


[Site "https://www.chess.com"]

[Event "Titled Tuesday Blitz January 31 Late 2023"]
[White "Schekachikhin, Maksim"]
[Black "Kujawski, Adam"]
[WhiteFideId "24177830"]
[BlackFideId "1100920"]
[WhiteElo "2371"]
[BlackElo "2173"]
[Result "1-0"]
[Round "04"]
[TimeControl "180+2"]
[Date "2023.01.31"]
[WhiteClock "0:01:20"]
[BlackClock "0:00:07"]

1. b3 e5 2. Bb2 d6 3. c4 Nf6 4. e3 g6 5. Nf3 Bg7 6. d4 e4 7. Nfd2 Qe7 8. Nc3 Bf5 9. Be2 h5 10. h3 c6 11. Qc2 a5 12. O-O-O Na6 13. a3 h4 14. Kb1 O-O 15. g4 hxg3 16. fxg3 b5 17. g4 b4 18. gxf5 bxc3 19. Qxc3 c5 20. fxg6 fxg6 21. Rhg1 cxd4 22. exd4 e3 23. Nf3 a4 24. b4 Nxb4 25. axb4 a3 26. Bxa3 Ne4 27. Qb3 d5 28. Rxg6 Rxf3 29. Bxf3 Nd2+ 30. Rxd2 exd2 31. Bxd5+ Kh8 32. Qd1 Qe1 33. Kc2 Rxa3 34. Qh5+ 1-0


[Site "https://www.chess.com"]

[Event "Titled Tuesday Blitz January 31 Late 2023"]
[White "Ismagilov, Damir"]
[Black "Lucassen, Mickey"]
[WhiteFideId "34199982"]
[BlackFideId "12919110"]
[WhiteElo "2156"]
[BlackElo "2023"]
[Result "1-0"]
[Round "04"]
[TimeControl "180+2"]
[Date "2023.01.31"]
[WhiteClock "0:00:20"]
[BlackClock "0:00:12"]

1. g3 Nf6 2. Bg2 e6 3. b3 d5 4. Bb2 Be7 5. Nf3 O-O 6. O-O c5 7. d3 Nc6 8. Nbd2 b6 9. e4 Bb7 10. Re1 Qc7 11. exd5 exd5 12. Ne5 Rfe8 13. Nxc6 Bxc6 14. d4 Rad8 15. Nf3 Ne4 16. Ne5 cxd4 17. Nxc6 Qxc6 18. Bxd4 Bc5 19. c3 Bxd4 20. cxd4 f5 21. Rc1 Qd6 22. Qd3 Qb4 23. Re2 Rc8 24. Rec2 Rxc2 25. Rxc2 Qe1+ 26. Qf1 Qxf1+ 27. Bxf1 Re7 28. Bb5 Kf7 29. Bc6 Nf6 30. Ba8 Kg6 31. Kf1 h5 32. h4 Re4 33. Rd2 f4 34. Kg2 fxg3 35. fxg3 Re1 36. Bc6 Kf5 37. Bb5 Ne4 38. Re2 Rxe2+ 39. Bxe2 Nc3 40. Bd3+ Kf6 41. a4 Na2 42. Kf3 Nb4 43. Bb1 Nc6 44. Ke3 a5 45. Bd3 Ne7 46. Kf4 Nc6 47. Ke3 Nb4 48. Be2 Nc2+ 49. Kd3 Ne1+ 50. Kd2 Ng2 51. Bf3 Nxh4 52. gxh4 g5 53. hxg5+ Kxg5 54. Bxd5 h4 55. Bh1 Kf4 56. Kd3 h3 57. d5 Kg3 58. d6 1-0


[Site "https://www.chess.com"]

[Event "Titled Tuesday Blitz January 31 Late 2023"]
[White "Fiorito, Francisco"]
[Black "Abdyzhaparov, Aidar"]
[WhiteFideId "180165"]
[BlackFideId "13800361"]
[WhiteElo "2305"]
[BlackElo "1978"]
[Result "0-1"]
[Round "04"]
[TimeControl "180+2"]
[Date "2023.01.31"]
[WhiteClock "0:00:11"]
[BlackClock "0:00:03"]

1. Nf3 d6 2. d4 g6 3. e4 Bg7 4. c4 Nf6 5. Nc3 O-O 6. Be2 Na6 7. O-O c5 8. b3 cxd4 9. Nxd4 b6 10. Bb2 Bb7 11. f3 Nc5 12. Rc1 Nh5 13. Qd2 Nf4 14. Nd5 Nxe2+ 15. Qxe2 e6 16. Ne3 d5 17. Rcd1 Qe7 18. exd5 exd5 19. Ndf5 gxf5 20. Bxg7 Rfe8 21. Bd4 f4 22. Qf2 Qg5 23. Ng4 Re6 24. h4 Qf5 25. cxd5 Bxd5 26. Nf6+ Rxf6 27. Bxf6 Qxf6 28. Rxd5 Ne6 29. Rc1 h6 30. h5 Re8 31. Re1 Rc8 32. Qd2 Qh4 33. Rde5 Qg3 34. Qf2 Qg7 35. Qh4 Ng5 36. Qg4 Rf8 37. Rf5 Kh7 38. Rxf4 f5 39. Rxf5 Rg8 40. Kh2 Qc7+ 41. Qf4 Qg7 42. Ree5 Ne6 43. Rxe6 Qxg2# 0-1


[Site "https://www.chess.com"]

[Event "Titled Tuesday Blitz January 31 Late 2023"]
[White "Goldin, Alexander"]
[Black "Hoffmann, Asa"]
[WhiteFideId "2019540"]
[BlackFideId "2001470"]
[WhiteElo "2542"]
[BlackElo "2185"]
[Result "1-0"]
[Round "04"]
[TimeControl "180+2"]
[Date "2023.01.31"]
[WhiteClock "0:00:49"]
[BlackClock "0:00:48"]

1. Nf3 d6 2. d4 Bg4 3. e4 Nf6 4. h3 Bh5 5. Qe2 c6 6. Nc3 e6 7. g4 Bg6 8. Bg2 d5 9. Ne5 dxe4 10. Be3 Bb4 11. h4 h5 12. Nxg6 fxg6 13. O-O-O Bxc3 14. bxc3 hxg4 15. Bg5 Nbd7 16. Bxe4 Qa5 17. Bxg6+ Ke7 18. Rhe1 Qxa2 19. d5 e5 20. dxc6 bxc6 21. Rxd7+ Kxd7 22. Qxe5 Rae8 23. Bf5+ Kd8 24. Qb8# 1-0


[Site "https://www.chess.com"]

[Event "Titled Tuesday Blitz January 31 Late 2023"]
[White "Nikologorsky, Matfei"]
[Black "Marczuk, Dominik"]
[WhiteFideId "24102474"]
[BlackFideId "1111264"]
[WhiteElo "2182"]
[BlackElo "2253"]
[Result "1-0"]
[Round "04"]
[TimeControl "180+2"]
[Date "2023.01.31"]
[WhiteClock "0:00:08"]
[BlackClock "0:00:02"]

1. e4 c5 2. Nf3 d6 3. d4 cxd4 4. Nxd4 Nf6 5. Nc3 a6 6. h3 e5 7. Nde2 b5 8. Ng3 Be6 9. Be2 Nbd7 10. O-O b4 11. Na4 Be7 12. c3 a5 13. b3 O-O 14. cxb4 axb4 15. Bd2 d5 16. exd5 Nxd5 17. Bf3 Rc8 18. Re1 Nc3 19. Bxc3 bxc3 20. Qc2 f5 21. Rac1 e4 22. Bxe4 fxe4 23. Qxe4 Rf6 24. Nh5 Rh6 25. Nf4 Nf8 26. Rxc3 Rxc3 27. Nxc3 Bc5 28. b4 Ba7 29. Nxe6 Rxe6 30. Qc4 Qd4 31. Re4 Qxf2+ 32. Kh2 Bb8+ 33. Kh1 Qg3 34. Kg1 Ba7+ 35. Kh1 Qf2 36. Kh2 1-0


[Site "https://www.chess.com"]

[Event "Titled Tuesday Blitz January 31 Late 2023"]
[White "Defend, Balint"]
[Black "Rian, Kapriaga"]
[WhiteFideId "17004853"]
[BlackFideId "7103263"]
[WhiteElo "1673"]
[BlackElo "2089"]
[Result "1-0"]
[Round "04"]
[TimeControl "180+2"]
[Date "2023.01.31"]
[WhiteClock "0:01:38"]
[BlackClock "0:00:04"]

1. e4 c6 2. d4 d5 3. e5 Bf5 4. h4 h5 5. Bd3 Bxd3 6. Qxd3 e6 7. Bg5 Qb6 8. Nd2 c5 9. c4 Nc6 10. cxd5 exd5 11. e6 fxe6 12. Ngf3 Nge7 13. dxc5 Qxc5 14. O-O O-O-O 15. a3 Kb8 16. b4 Qd6 17. Nb3 Rc8 18. Rfe1 e5 19. Qd2 Ka8 20. Nc5 e4 21. Nxe4 Qg6 22. Nc5 Nf5 23. Qxd5 Bxc5 24. Qxc5 Ncd4 25. Qd5 Nxf3+ 26. Qxf3 Rhf8 27. Qd5 Nh6 28. Re6 Qh7 29. Re7 Rb8 30. Be3 Qc2 31. Qd4 1-0


[Site "https://www.chess.com"]

[Event "Titled Tuesday Blitz January 31 Late 2023"]
[White "Kostiukov, Alexandr"]
[Black "Ortega Amarelle, Mariano"]
[WhiteFideId "14108100"]
[BlackFideId "3504301"]
[WhiteElo "2271"]
[BlackElo "2472"]
[Result "0-1"]
[Round "04"]
[TimeControl "180+2"]
[Date "2023.01.31"]
[WhiteClock "0:00:28"]
[BlackClock "0:00:06"]

1. g3 c5 2. Bg2 g6 3. c4 Bg7 4. Nf3 Nc6 5. O-O e5 6. d3 Nge7 7. Nc3 O-O 8. Bd2 d6 9. a3 h6 10. Rb1 Rb8 11. b4 b6 12. Ne1 f5 13. Nc2 f4 14. e3 g5 15. Nd5 Bf5 16. Nxe7+ Nxe7 17. Bc3 Ng6 18. Qd2 Qd7 19. d4 Bh3 20. dxc5 Bxg2 21. Kxg2 f3+ 22. Kh1 Qh3 23. Rg1 dxc5 24. Qd5+ Kh7 25. bxc5 Rbd8 26. Qe4 bxc5 27. Rb7 Qf5 28. Qxf5 Rxf5 29. Rgb1 Rd3 30. R7b3 Rf7 31. Ne1 Rd6 32. h3 e4 33. Kg1 Bxc3 34. Rxc3 Ne5 35. Kf1 Rfd7 36. Rcb3 Rd1 37. Rb7 Rxb7 38. Rxb7+ Kg6 39. Rxa7 Nd3 40. Ra6+ Kf7 41. Kg1 Rxe1+ 42. Kh2 Rf1 43. g4 Rxf2+ 44. Kh1 Rf1+ 45. Kh2 f2 46. Ra7+ Kf6 47. Ra6+ Ke5 0-1


[Site "https://www.chess.com"]

[Event "Titled Tuesday Blitz January 31 Late 2023"]
[White "Ibadov, Dashgyn"]
[Black "Pino Perez, Lazaro"]
[WhiteFideId "24107514"]
[BlackFideId "3517055"]
[WhiteElo "2391"]
[BlackElo "2142"]
[Result "1-0"]
[Round "04"]
[TimeControl "180+2"]
[Date "2023.01.31"]
[WhiteClock "0:00:28"]
[BlackClock "0:00:10"]

1. e4 c5 2. Nf3 g6 3. d4 cxd4 4. Nxd4 Nc6 5. Nc3 Bg7 6. Be3 Nf6 7. Nxc6 bxc6 8. e5 Ng8 9. Bd4 Nh6 10. e6 f6 11. exd7+ Bxd7 12. Bc4 Rb8 13. O-O Qa5 14. Re1 e5 15. f4 Rb4 16. fxe5 fxe5 17. b3 Rxc4 18. bxc4 O-O 19. Bf2 Be6 20. Ne4 Bxc4 21. Qd6 Bd5 22. c4 Bxc4 23. Qxc6 Bd3 24. Qe6+ Kh8 25. Nd6 Qa6 26. Rad1 Bf5 27. Nf7+ 1-0


[Site "https://www.chess.com"]

[Event "Titled Tuesday Blitz January 31 Late 2023"]
[White "Sohal, Tanraj"]
[Black "Todev, Simeon"]
[WhiteFideId "2608499"]
[BlackFideId "2925133"]
[WhiteElo "2234"]
[BlackElo "2033"]
[Result "1-0"]
[Round "04"]
[TimeControl "180+2"]
[Date "2023.01.31"]
[WhiteClock "0:01:20"]
[BlackClock "0:00:02"]

1. e4 c5 2. d4 cxd4 3. c3 dxc3 4. Nxc3 e6 5. Nf3 Nc6 6. Bc4 a6 7. Qe2 Nge7 8. e5 Ng6 9. O-O b5 10. Bb3 Bb4 11. Bg5 Qc7 12. Rac1 O-O 13. Ne4 Ngxe5 14. Bf4 Nxf3+ 15. Qxf3 Qd8 16. Rfd1 Bb7 17. Qg3 Kh8 18. Ng5 Be7 19. Bc2 h6 20. Nxf7+ Rxf7 21. Qg6 Rf5 22. g4 Bg5 23. gxf5 Bxf4 24. f6 Qxf6 25. Qh7# 1-0


[Site "https://www.chess.com"]

[Event "Titled Tuesday Blitz January 31 Late 2023"]
[White "Gomes, Luiz Alexandre de Souza"]
[Black "Yedidia, Daniel"]
[WhiteFideId "2102790"]
[BlackFideId "30905907"]
[WhiteElo "2254"]
[BlackElo "2041"]
[Result "0-1"]
[Round "04"]
[TimeControl "180+2"]
[Date "2023.01.31"]
[WhiteClock "0:00:17"]
[BlackClock "0:00:16"]

1. e4 e5 2. Nf3 Nc6 3. Bb5 a6 4. Ba4 Nf6 5. O-O Be7 6. Re1 b5 7. Bb3 O-O 8. h3 d6 9. c3 Nb8 10. d3 c5 11. Nbd2 Be6 12. Nf1 c4 13. dxc4 bxc4 14. Bc2 Nbd7 15. Ne3 Nc5 16. Nf5 Bxf5 17. exf5 Rb8 18. b4 Ncd7 19. a4 Qc7 20. a5 d5 21. Bg5 Bd6 22. Ba4 h6 23. Bh4 d4 24. Rc1 dxc3 25. Re3 e4 26. Nd4 Bf4 27. Nc6 Bxe3 28. fxe3 Rb7 29. Rxc3 Ne5 30. Bg3 Nf3+ 31. Qxf3 exf3 32. Bxc7 Rxc7 33. gxf3 Nd5 34. Rxc4 Nxe3 35. Rc5 Rfc8 36. Kf2 Nd1+ 37. Bxd1 Rxc6 38. Rd5 Rb8 39. Rd4 Rc1 40. Be2 Rb1 41. Bxa6 R1xb4 42. Rd7 Ra8 43. Bb7 Rxa5 44. Be4 Rb8 45. Kg3 Kf8 46. h4 Re5 47. Kf4 Re7 48. Rd6 Rc7 49. h5 Ke7 50. Ra6 Rb2 51. f6+ gxf6 52. Kf5 Rh2 53. Kg4 Rg2+ 54. Kh4 Rg5 55. Rb6 Rc1 56. f4 Rgc5 57. Kg4 f5+ 58. Bxf5 Rg1+ 0-1


[Site "https://www.chess.com"]

[Event "Titled Tuesday Blitz January 31 Late 2023"]
[White "Graif, William"]
[Black "Fernandez Siles, Luis"]
[WhiteFideId "2609835"]
[BlackFideId "2209420"]
[WhiteElo "2304"]
[BlackElo "2218"]
[Result "1-0"]
[Round "04"]
[TimeControl "180+2"]
[Date "2023.01.31"]
[WhiteClock "0:00:10"]
[BlackClock "0:00:04"]

1. d4 Nf6 2. Nc3 d5 3. e4 dxe4 4. Bg5 Nbd7 5. f3 e3 6. Bxe3 g6 7. Qd2 c6 8. O-O-O Qa5 9. Kb1 Bg7 10. h4 h5 11. Bd3 b5 12. Nge2 b4 13. Ne4 Nd5 14. Bg5 Rb8 15. Ka1 Ba6 16. g4 Bxd3 17. Qxd3 Rb6 18. gxh5 Rxh5 19. N4g3 Rxg5 20. hxg5 Nc3 21. bxc3 Ra6 22. Qc4 Nb6 23. Qb3 c5 24. Rh7 c4 25. Qb1 Kf8 26. cxb4 Qb5 27. c3 Nd5 28. Qb2 e5 29. Rxg7 Kxg7 30. dxe5 Ne3 31. Rh1 Qa4 32. Kb1 Nd1 33. Qc2 Qa3 34. Rxd1 1-0


[Site "https://www.chess.com"]

[Event "Titled Tuesday Blitz January 31 Late 2023"]
[White "Sliwicki, Damian"]
[Black "Zochowski, Kacper"]
[WhiteFideId "1127128"]
[BlackFideId "1125494"]
[WhiteElo "2158"]
[BlackElo "2262"]
[Result "0-1"]
[Round "04"]
[TimeControl "180+2"]
[Date "2023.01.31"]
[WhiteClock "0:00:01"]
[BlackClock "0:00:17"]

1. e4 d6 2. d4 Nf6 3. Nc3 e5 4. Nf3 Nbd7 5. Bc4 Be7 6. a4 O-O 7. O-O c6 8. h3 a5 9. Ba2 exd4 10. Nxd4 Nc5 11. Re1 Re8 12. Qf3 h6 13. Nf5 Bxf5 14. Qxf5 Qd7 15. Qg6 d5 16. exd5 cxd5 17. Qg3 Nce4 18. Nxe4 Nxe4 19. Qd3 Rad8 20. Be3 Bf6 21. Bb6 Rc8 22. Rad1 Qxa4 23. Qxd5 Qxc2 24. Qxf7+ Kh8 25. Rc1 Qxc1 26. Rxc1 Rxc1+ 27. Kh2 Nd6 28. Qg6 Rf8 29. Bb1 Be5+ 30. g3 Kg8 31. Bc5 Rf6 32. Qe4 Rxc5 33. Ba2+ Kh8 34. Qd3 Rxf2+ 35. Kg1 Rxb2 36. Bb1 Rc1+ 0-1


[Site "https://www.chess.com"]

[Event "Titled Tuesday Blitz January 31 Late 2023"]
[White "Jimenez Almeida, Luis David"]
[Black "Wilson, Elvin"]
[WhiteFideId "22242244"]
[BlackFideId "2014874"]
[WhiteElo "2242"]
[BlackElo "2183"]
[Result "1-0"]
[Round "04"]
[TimeControl "180+2"]
[Date "2023.01.31"]
[WhiteClock "0:00:09"]
[BlackClock "0:00:02"]

1. e4 e6 2. d4 d5 3. e5 c5 4. c3 Nc6 5. Nf3 Qb6 6. a3 c4 7. Nbd2 Na5 8. g3 Bd7 9. h4 h6 10. Bh3 O-O-O 11. Rb1 Ne7 12. O-O Kb8 13. Nh2 Nc8 14. f4 g6 15. h5 Be7 16. Kh1 Rdg8 17. hxg6 fxg6 18. Kg2 Qd8 19. Ndf3 a6 20. Ng4 Ka7 21. Be3 Nb6 22. Qe2 Ka8 23. Rh1 Nc8 24. Nd2 Ba4 25. Nf2 Qb6 26. Nf3 Bd7 27. Nd2 Ba4 28. Nf3 Bd8 29. Rh2 Ne7 30. Rbh1 Qb3 31. Bxe6 Rf8 32. Rxh6 Rxh6 33. Rxh6 Nf5 34. Bxf5 gxf5 35. Nh3 Re8 36. Nhg5 Bxg5 37. fxg5 Qa2 38. g6 Rg8 39. Bf4 Qb1 40. Nh4 Bc2 41. Nf3 Be4 42. Kf2 Nb3 43. Nd2 1-0


[Site "https://www.chess.com"]

[Event "Titled Tuesday Blitz January 31 Late 2023"]
[White "Jeet, Jain"]
[Black "Real_taiatai"]
[WhiteFideId "5073022"]
[WhiteElo "2199"]
[BlackElo "2316"]
[Result "1-0"]
[Round "04"]
[TimeControl "180+2"]
[Date "2023.01.31"]
[WhiteClock "0:00:16"]
[BlackClock "0:00:08"]

1. Nf3 d5 2. g3 Nf6 3. Bg2 c6 4. O-O Bg4 5. d4 Nbd7 6. Nbd2 h6 7. Re1 e6 8. e4 dxe4 9. Nxe4 Be7 10. c3 O-O 11. Bf4 Nxe4 12. Rxe4 Nf6 13. Re1 Nd5 14. Bd2 c5 15. h3 Bf5 16. Qb3 Qb6 17. Qxb6 axb6 18. Ne5 Rfd8 19. g4 Bh7 20. c4 Nb4 21. Bxb4 cxb4 22. Bxb7 Ra5 23. Nc6 Kf8 24. Nxd8 Bxd8 25. d5 Bf6 26. d6 Bxb2 27. Rad1 Ke8 28. d7+ Kd8 29. Rd6 Be5 30. Rdd1 Bc3 31. Re2 Rc5 32. Ba6 e5 33. Bb5 f6 34. h4 Bg8 35. Re4 Bd4 36. Rc1 Ke7 37. Rd1 Be6 38. Rdxd4 exd4 39. Rxe6+ Kxe6 40. d8=Q 1-0


[Site "https://www.chess.com"]

[Event "Titled Tuesday Blitz January 31 Late 2023"]
[White "Carbone, Diego"]
[Black "Boder, Jan"]
[WhiteFideId "3002179"]
[BlackFideId "16243226"]
[WhiteElo "2336"]
[BlackElo "2294"]
[Result "1-0"]
[Round "04"]
[TimeControl "180+2"]
[Date "2023.01.31"]
[WhiteClock "0:00:03"]
[BlackClock "0:00:03"]

1. d4 Nf6 2. c4 c5 3. d5 b5 4. cxb5 a6 5. bxa6 g6 6. Nc3 Bg7 7. e4 O-O 8. e5 Ne8 9. h4 Bxe5 10. Bh6 Ng7 11. Nf3 Bf6 12. h5 d6 13. Qd2 Bf5 14. Ng5 gxh5 15. Bd3 Qd7 16. Nge4 Bg6 17. Nxf6+ exf6 18. f3 Re8+ 19. Kf2 Nxa6 20. Bb5 Qb7 21. Bc6 Qb4 22. Bxe8 Rxe8 23. Rae1 Rb8 24. Re2 Nf5 25. Rhe1 Nc7 26. b3 Qh4+ 27. Kg1 Ng3 28. Re7 Nf5 29. Rxc7 Nxh6 30. Rce7 Nf5 31. Re8+ Rxe8 32. Rxe8+ Kg7 33. Ne4 Nd4 34. b4 f5 35. bxc5 Nxf3+ 36. gxf3 fxe4 37. fxe4 Qg3+ 38. Qg2 Qe1+ 39. Kh2 Qh4+ 40. Qh3 Qf2+ 41. Kh1 Qxc5 42. Qf3 Qc1+ 43. Kg2 Qd2+ 44. Kh3 Qg5 45. a4 h4 46. a5 Qd2 47. a6 Qa2 48. Ra8 Qa4 49. Kxh4 Bxe4 50. Qg4+ 1-0


[Site "https://www.chess.com"]

[Event "Titled Tuesday Blitz January 31 Late 2023"]
[White "Gardezi, Arsal"]
[Black "Ekdyshman, Mikhail"]
[WhiteFideId "30949521"]
[BlackFideId "4149416"]
[WhiteElo "2093"]
[BlackElo "2264"]
[Result "0-1"]
[Round "04"]
[TimeControl "180+2"]
[Date "2023.01.31"]
[WhiteClock "0:02:02"]
[BlackClock "0:02:23"]

1. Nf3 c5 2. c3 d5 3. d4 Nf6 4. Bf4 g6 5. Nbd2 Bg7 6. e3 O-O 7. Bd3 b6 8. O-O Bb7 9. Re1 Ne4 10. Bxe4 dxe4 11. Ng5 e5 12. Bxe5 Qxg5 0-1


[Site "https://www.chess.com"]

[Event "Titled Tuesday Blitz January 31 Late 2023"]
[White "Szente Varga, Fruzsina"]
[Black "Travadon, Loic"]
[WhiteFideId "712264"]
[BlackFideId "26092131"]
[WhiteElo "2075"]
[BlackElo "2461"]
[Result "1-0"]
[Round "04"]
[TimeControl "180+2"]
[Date "2023.01.31"]
[WhiteClock "0:01:45"]
[BlackClock "0:01:07"]

1. e4 e5 2. Nf3 Nc6 3. Bb5 a6 4. Ba4 Nf6 5. Qe2 Qe7 6. c3 g6 7. O-O Bg7 8. Rd1 O-O 9. Bc2 d6 10. h3 Nh5 11. d4 f5 12. exf5 gxf5 13. dxe5 dxe5 14. Bb3+ Kh8 15. Ng5 Nf6 16. Nd2 h6 17. Ngf3 e4 18. Nh4 Kh7 19. Nf1 Ne5 20. Ng3 Ng8 21. Qh5 Qf6 22. Bf4 Ne7 23. Ne2 N5g6 24. Nxg6 Qxg6 25. Qxg6+ Kxg6 26. Bxc7 b5 27. Nf4+ Kh7 28. Bd6 Re8 29. Bf7 1-0


[Site "https://www.chess.com"]